 Dungeon Crawl Stone Soup version 0.31-a0-175-g9f7f995f2b (webtiles) character file.

Game seed: 10521615030977212970

227 qw the Chopper (level 6, -3/38 HPs)
             Began as a Gargoyle Fighter on June 16, 2023.
             Slain by Natasha (10 damage)
             ... on level 3 of the Dungeon.
             The game lasted 00:01:16 (1956 turns).

qw the Chopper (Gargoyle Fighter)                   Turns: 1956, Time: 00:01:17

Health: -3/38      AC:  0    Str: 21    XL:     6   Next: 2%
Magic:  6/6        EV: 13    Int:  9    God:
Gold:   125        SH:  0    Dex:  9    Spells: 5/5 levels left

rFire   . . .        Y - melded +0 war axe (protect)
rCold   . . .        c - melded +0 buckler
rNeg    + . .        l - melded +3 ring mail
rPois   inf          (helmet currently unavailable)
rElec   .            (cloak currently unavailable)
rCorr   .            i - melded +0 pair of gloves
SInv    .            (boots currently unavailable)
Will    .....        (no amulet)
Stlth   +            n - melded +6 ring of dexterity
HPRegen 0.26/turn    (ring currently unavailable)
MPRegen 0.10/turn

%: no passive effects
@: pig-form, very quick
A: fast, no casting, sickness immunity, AC +4, small, negative energy resistance
1, (electricity resistance), torment resistance 1, petrification resistance
a: no special abilities


You were on level 3 of the Dungeon.
You were a filthy swine.
You visited 1 branch of the dungeon, and saw 3 of its levels.

You collected 125 gold pieces.


Innate Abilities, Weirdness & Mutations

You are a filthy swine.
You move quickly.
Your equipment is almost entirely melded.
You are incapable of wielding weapons or throwing items.
You cannot cast spells.
You are immune to sickness and miasma.
((Your stone body is resilient. (AC +4)))
You are immune to poison.
You resist negative energy. (rN+)
((You are resistant to electric shocks. (rElec)))
You are resistant to unholy torment.
You are immune to petrification.


   Skills:
 + Level 3.7 Fighting
 - Level 5.0 Axes
 - Level 3.2 Armour
 - Level 1.1 Dodging
 - Level 3.2 Shields


You had 5 spell levels left.
You didn't know any spells.
Your spell library was empty.

Inventory:

Hand Weapons
 k - a +0 mace
 Y - a +0 war axe of protection (melded)
Armour
 b - a +0 chain mail
 c - a +0 buckler (melded)
 i - a +0 pair of gloves (melded)
 l - a +3 ring mail (melded)
Jewellery
 e - a ring of willpower
 n - a +6 ring of dexterity (melded)
Scrolls
 a - a scroll of enchant weapon {unknown}
 f - a scroll of amnesia {unknown}
 j - a scroll of identify
Potions
 d - 2 potions of might
 g - a potion of curing
 h - a potion of ambrosia {unknown}
 m - a potion of brilliance {unknown}
 o - a potion of attraction {unknown}
 p - a potion of heal wounds {unknown}

Dungeon Overview and Level Annotations

Branches:
Dungeon (3/15)

Altars:
Kikubaaqudgha

Shops:
D:2 [

Annotations:
D:3 Natasha


Message History

You closely miss something. Something claws you but does no damage.
You closely miss something.
You hear a zap.
Something tries to affect you, but you resist.
You hit something.
You hear a zap.
Something tries to affect you, but you resist.
You hear some strange, mumbled words.
You hear some strange, mumbled words.
You block the cerulean imp's attack.
You hit the cerulean imp.
The cerulean imp is lightly wounded.
You hit something. Something claws you but does no damage.
The cerulean imp barely misses you.
You slash the cerulean imp!
The cerulean imp is severely wounded.
You closely miss something.
The cerulean imp hits you but does no damage.
You hear a zap.
You turn into a filthy swine.
Your +0 war axe of protection melds into your body.
Your +0 pair of gloves melds into your body.
Your +0 buckler melds into your body.
Your +3 ring mail melds into your body.
Your +6 ring of dexterity melds into your body.
Your +0 war axe of protection goes still.
You feel clumsy. The cerulean imp barely misses you.
You hit the cerulean imp but do no damage.
The cerulean imp is severely wounded.
Natasha appears from thin air!
Reactivating autopickup.
The cerulean imp closely misses you.
Natasha casts a spell.
The cerulean imp hits you with a +0 spear.
You closely miss the cerulean imp.
The cerulean imp is severely wounded.
The cerulean imp hits you from afar with a +1 spear.
Natasha claws you!
You die...

##.............#
.%.....##.####.#
#.#.##.# .#
#.######## ##..#
..... #........#
##.#
#.....###.###.#
##.##
#....##¤...0# #
#.##
#.....#..)..#.#
.##
####...55_)...#
.## ####.h.5.###
..# #¤.h.¤# ..#
###.### ......
..# #.#### ..#
#.# ### .# .#


You could see Natasha and 3 cerulean imps.

Vanquished Creatures
  A gnoll bouda (D:3)
  Natasha (D:3)
  An orc wizard (D:3)
  6 gnolls
  2 adders (D:2)
  3 worms (D:2)
  3 dart slugs
  2 orcs (D:3)
  3 ball pythons
  5 bats
  2 endoplasms
  3 giant cockroaches
  A goblin (D:1)
  7 hobgoblins
  7 jackals (D:1)
  2 quokkas
  3 frilled lizards
  2 kobolds (D:2)
  4 rats
58 creatures vanquished.

Notes
Turn   | Place    | Note
-------+----------+-------------------------------------------
     0 | D:1      | qw the Gargoyle Fighter began the quest for the Orb.
     0 | D:1      | Reached XP level 1. HP: 14/14 MP: 1/1
     0 | D:1      | 0 ||| qw: Version: 0.2-a-29-g511e9b1
     0 | D:1      | 0 ||| qw: Game counter: 5854
     0 | D:1      | 0 ||| qw: Always use a shield: true
     0 | D:1      | 0 ||| qw: God list: Okawaru
     0 | D:1      | 0 ||| qw: Allow faded altars: false
     0 | D:1      | 0 ||| qw: Do Orc after D:15 true
     0 | D:1      | 0 ||| qw: Do second Lair branch before Depths: true
     0 | D:1      | 0 ||| qw: Lair rune preference: random
     0 | D:1      | 0 ||| qw: Plans: Normal, Zot:1-4, Slime:5, God:TSO, Crypt,
                  | Tomb, Abyss, Pan, Hells, Win
     0 | D:1      | 0 ||| PLANNING D:1-11
    66 | D:1      | Reached skill level 2 in Axes
   122 | D:1      | Reached XP level 2. HP: 19/19 MP: 2/2
   305 | D:1      | Reached skill level 3 in Axes
   305 | D:1      | 305 ||| FLEEEEING.
   306 | D:1      | 306 ||| FLEEEEING.
   307 | D:1      | 307 ||| FLEEEEING.
   308 | D:1      | 308 ||| FLEEEEING.
   309 | D:1      | 309 ||| FLEEEEING.
   325 | D:1      | 325 ||| FLEEEEING.
   326 | D:1      | 326 ||| FLEEEEING.
   327 | D:1      | 327 ||| FLEEEEING.
   328 | D:1      | 328 ||| FLEEEEING.
   344 | D:1      | 344 ||| Stepping ~*~*~tactically~*~*~ (hiding).
   351 | D:1      | Reached XP level 3. HP: 23/23 MP: 3/3
   758 | D:1      | 758 ||| UPGRADING to +0 pair of gloves.
   763 | D:1      | 763 ||| UPGRADING to +6 ring of dexterity.
   764 | D:1      | 764 ||| READING scroll labelled MECUGU TONYBE.
   765 | D:1      | 765 ||| READING scroll labelled FONYADGH BYNEUD.
   766 | D:1      | 766 ||| READING scroll labelled ERARUE KAUSHI.
   788 | D:2      | Found a faded altar of an unknown god.
   811 | D:2      | 811 ||| DROPPING +0 club.
   988 | D:2      | Reached skill level 1 in Dodging
   994 | D:2      | Found Mizaju's Antique Armour Shoppe.
  1003 | D:2      | 1003 ||| SHOPLISTING cloak (126 gold, have 69).
  1003 | D:2      | 1003 ||| SHOPLISTING glowing ring mail (196 gold, have 69).
  1003 | D:2      | 1003 ||| SHOPLISTING helmet (126 gold, have 69).
  1003 | D:2      | 1003 ||| SHOPLISTING runed chain mail (210 gold, have 69).
  1051 | D:2      | Reached XP level 4. HP: 28/28 MP: 4/4
  1177 | D:2      | 1177 ||| DROPPING +0 whip.
  1180 | D:2      | Identified the +4 spear "Doblawol" {drain, Int+2 Stlth+}
  1183 | D:2      | 1183 ||| READING scroll labelled FUOBBI JEFA.
  1184 | D:2      | 1184 ||| READING scroll labelled EGAANITIDE.
  1185 | D:2      | 1185 ||| DRINKING 2 fizzy cyan potions.
  1296 | D:2      | 1296 ||| Stepping ~*~*~tactically~*~*~ (hiding).
  1305 | D:2      | Reached skill level 4 in Axes
  1609 | D:2      | 1609 ||| UPGRADING to +3 ring mail.
  1619 | D:2      | 1619 ||| DROPPING +0 scale mail.
  1620 | D:2      | 1620 ||| READING scroll labelled YSMURA LAUTOA.
  1621 | D:2      | 1621 ||| READING scroll labelled XOREYL VORA.
  1624 | D:2      | 1624 ||| DROPPING potion of invisibility.
  1639 | D:3      | 1639 ||| PLANNING SEWER
  1655 | D:3      | 1655 ||| Stepping ~*~*~tactically~*~*~ (hiding).
  1656 | D:3      | 1656 ||| Stepping ~*~*~tactically~*~*~ (hiding).
  1657 | D:3      | 1657 ||| Stepping ~*~*~tactically~*~*~ (stealth).
  1659 | D:3      | 1659 ||| Stepping ~*~*~tactically~*~*~ (hiding).
  1671 | D:3      | 1671 ||| Stepping ~*~*~tactically~*~*~ (stealth).
  1682 | D:3      | Reached XP level 5. HP: 30/32 MP: 5/5
  1818 | D:3      | Noticed Natasha
  1819 | D:3      | 1819 ||| Stepping ~*~*~tactically~*~*~ (hiding).
  1820 | D:3      | 1820 ||| Stepping ~*~*~tactically~*~*~ (hiding).
  1821 | D:3      | 1821 ||| Stepping ~*~*~tactically~*~*~ (hiding).
  1823 | D:3      | 1823 ||| Stepping ~*~*~tactically~*~*~ (hiding).
  1835 | D:3      | Killed Natasha
  1873 | D:3      | Found an ancient bone altar of Kikubaaqudgha.
  1891 | D:3      | Reached skill level 5 in Axes
  1899 | D:3      | Reached XP level 6. HP: 21/38 MP: 6/6
  1932 | D:3      | Noticed Natasha
  1933 | D:3      | 1933 ||| Stepping ~*~*~tactically~*~*~ (stealth).
  1956 | D:3      | HP: 7/38 [cerulean imp/+1 spear[Natasha] (6)]
  1956 | D:3      | Slain by Natasha

Levels and vault maps discovered:
D:1:      minmay_arrival_open_corners, layout_basic
D:2:      layout_basic, dreamdust_ecumenical_altar_statues, serial_shops,
          nicolae_square_shop, hangedman_glass_teeth
D:3:      cheibrodos_fertilizer, layout_loops_cross,
          nicolae_kikubaaqudgha_miasma_corner, gup_sewer_entry_spiral,
          minmay_misc_feat_more_columns, uniq_natasha

Skill      XL: |  1  2  3  4  5 |
---------------+----------------+-----
Axes           | 2 3 4 5 |  5.0
Dodging        | 1 |  1.1
Fighting       | |  3.7
Armour         | |  3.2
Shields        | |  3.2

Action                     |  1- 3 |  4- 6 || total
---------------------------+-------+-------++-------
  Melee: War axe           |   114 |    90 ||   204
         Unarmed           |       |     2 ||     2
    Use: Scroll            |     3 |     4 ||     7
         Potion            |       |     1 ||     1
 Armour: Scale mail        |    76 |    10 ||    86
         Ring mail         |       |    52 ||    52
  Dodge: Dodged            |    62 |    56 ||   118
  Block: Buckler           |    20 |    25 ||    45

Table legend:
 A = Non-vault XP
 B = Vault XP
 C = Vault XP percentage of total XP
 D = Non-vault monster count
 E = Vault monster count
 F = Vault count percentage of total count
                 A         B        C        D         E       F
            +---------+---------+-------+---------+---------+-------
      Total |     289 |      36 |  11.1 |      57 |       1 |   1.7
            +---------+---------+-------+---------+---------+-------
        D:1 |      46 |       0 |   0.0 |      23 |       0 |   0.0
        D:2 |      99 |       0 |   0.0 |      16 |       0 |   0.0
        D:3 |     144 |      36 |  20.0 |      18 |       1 |   5.3
            +---------+---------+-------+---------+---------+-------
